 Dungeon Crawl Stone Soup version 0.24.1 (webtiles) character file.

Game seed: 8415609425328415781, levelgen mode: deterministic

247 Iflex the Poker (level 6, -1/47 HPs)
             Began as a Merfolk Gladiator on Mar 30, 2020.
             Was an Initiate of Okawaru.
             Slain by a killer bee (9 damage)
             ... on level 7 of the Dungeon.
             The game lasted 00:14:53 (3321 turns).

Iflex the Poker (Merfolk Gladiator)                 Turns: 3321, Time: 00:14:54

Health: -1/47      AC:  4    Str: 14    XL:     6   Next: 11%
Magic:  6/6        EV: 15    Int:  8    God:    Okawaru [......]
Gold:   75         SH:  0    Dex: 17    Spells: 5/5 levels left

rFire    . . .     SeeInvis .   a - +0 trident
rCold    . . .     Gourm    .   (no shield)
rNeg     . . .     Faith    .   b - +0 leather armour
rPois    .         Spirit   .   c - +0 helmet
rElec    .         Reflect  .   (no cloak)
rCorr    .         Harm     .   (no gloves)
MR       .....                  (no boots)
Stlth    ++........             (no amulet)
HPRegen  0.15/turn              (no ring)
MPRegen  0.10/turn              (no ring)

@: no status effects
A: change form in water, swift swim, stealthy swim
a: Renounce Religion


You were on level 7 of the Dungeon.
You worshipped Okawaru.
Okawaru was noncommittal.
You were not hungry.

You visited 1 branch of the dungeon, and saw 6 of its levels.

You collected 75 gold pieces.

Inventory:

Hand Weapons
 a - a +0 trident (weapon)
Armour
 b - a +0 leather armour (worn)
 c - a +0 helmet (worn)
Scrolls
 j - 3 scrolls of amnesia
 k - 2 scrolls of remove curse
 l - 3 scrolls of enchant weapon
 o - a scroll of immolation {unknown}
 p - a scroll of teleportation {unknown}
 q - a scroll of enchant armour {unknown}
 r - a scroll of fog {unknown}
 s - 2 scrolls of identify
Potions
 e - a potion of invisibility {unknown}
 g - a potion of resistance
 h - a potion of heal wounds {unknown}
 i - a potion of magic {unknown}
 n - a potion of haste {unknown}
Comestibles
 f - 7 rations


   Skills:
 + Level 3.0 Fighting
 + Level 7.0 Polearms
 + Level 2.0 Throwing
 + Level 1.5 Armour
 + Level 5.2 Dodging
 + Level 1.7 Stealth


You had 5 spell levels left.
You didn't know any spells.
Your spell library was empty.

Dungeon Overview and Level Annotations

Branches:
Dungeon (8/15)
 Temple: D:4-7         Lair: D:8-11

Altars:
Okawaru
Wu Jian

Annotations:
D:3 3 runed translucent doors, lepoulpe303's ghost, amateur TrMo


Message History

Quivering
m - a potion of curing for throwing.
Your library has no spells.
Fire/throw which item? (* to show all) (? for menu, Esc to quit)
Tossing away (i - inventory)
m - a potion of curing (quivered)
Press: ? - help, Shift-Dir - straight line, f - you Really target yourself?
Uppercase [Y]es or [N]o only, please.
Really target yourself?
That potion of curing is likely to hit you.
Continue anyway?
Uppercase [Y]es or [N]o only, please.
That potion of curing is likely to hit you.
Continue anyway?
You toss away a potion of curing.
The potion of curing closely misses you.
The killer bee stings you.
* * * LOW HITPOINT WARNING * * *
The killer bee stings you.
* * * LOW HITPOINT WARNING * * *
The killer bee stings you but does no damage.
The killer bee stings you!
You die... .##.########### ..o...y@y...... .##.###########

You could see 2 killer bees and an orc (sleeping).

Vanquished Creatures
  7 gnolls
  8 adders
  An ooze (D:2)
  5 worms
  4 dart slugs
  2 leopard geckos
  2 orcs (D:3)
  10 bats
  5 giant cockroaches
  9 goblins
  9 hobgoblins
  2 quokkas
  A ball python (D:1)
  4 frilled lizards
  7 kobolds
  A leopard gecko skeleton (D:4)
  8 rats
85 creatures vanquished.

Notes
Turn   | Place    | Note
-------+----------+-------------------------------------------
     0 | D:1      | Iflex the Merfolk Gladiator began the quest for the Orb.
     0 | D:1      | Reached XP level 1. HP: 16/16 MP: 1/1
   111 | D:1      | Reached XP level 2. HP: 16/23 MP: 2/2
   156 | D:1      | Reached skill level 5 in Polearms
   301 | D:1      | Reached XP level 3. HP: 28/28 MP: 3/3
  1012 | D:2      | Found an ornate altar of the Wu Jian Council.
  1062 | D:2      | Reached XP level 4. HP: 29/34 MP: 4/4
  1076 | D:2      | Reached skill level 1 in Stealth
  1124 | D:2      | You fall into a shaft and drop 1 floor!
  1146 | D:3      | Reached skill level 6 in Polearms
  1380 | D:4      | Reached XP level 5. HP: 39/39 MP: 5/5
  1388 | D:4      | Reached skill level 1 in Armour
  1397 | D:4      | Reached skill level 5 in Dodging
  2004 | D:2      | Found an iron altar of Okawaru.
  2050 | D:2      | Became a worshipper of Warmaster Okawaru
  2391 | D:3      | Reached XP level 6. HP: 16/47 MP: 6/6
  2726 | D:3      | Reached skill level 7 in Polearms
  2732 | D:3      | Found a runed translucent gate.
  2734 | D:3      | Found a runed translucent gate.
  2735 | D:3      | Found a runed translucent gate.
  2740 | D:3      | Noticed lepoulpe303's ghost (amateur TrMo)
  3260 | D:4      | You fall into a shaft and drop 3 floors!
  3309 | D:7      | Noticed an orc warrior
  3321 | D:7      | Slain by a killer bee

Levels and vault maps discovered:
D:1:      psy_arrival_basics, layout_loops_ring
D:2:      layout_basic, okawaru_ov_weapons_minmay, overflow_temple_1_default,
          first_ration, minivault_14
D:3:      layout_loops_ring, gammafunk_ghost_necromancy,
          minmay_misc_feat_plants, serial_park_tiny_1
D:4:      layout_basic, uniq_robin
D:7:      layout_basic
D:8:      layout_rooms, minitemple, uniq_prince_ribbit1

Skill      XL: |  1  2  3  4  5  6 |
---------------+-------------------+-----
Polearms       | 5 6 7 |  7.0
Stealth        | 1 |  1.7
Armour         | 1 |  1.5
Dodging        | 5 |  5.2
Fighting       | 3 |  3.0
Throwing       | |  2.0

Action                   |  1- 3 |  4- 6 || total
-------------------------+-------+-------++-------
Melee: Trident           |   104 |   205 ||   309
Throw: Throwing net      |     1 |     5 ||     6
  Use: Scroll            |     3 |     2 ||     5
       Potion            |     1 |     1 ||     2
 Stab: Sleeping          |     4 |     6 ||    10
       Held in net/web   |       |     1 ||     1
  Eat: Chunk             |     1 |     5 ||     6
       Ration            |       |     1 ||     1
Armor: Leather armour    |    13 |    42 ||    55
Dodge: Dodged            |    40 |   169 ||   209
